 Dungeon Crawl Stone Soup version 0.24.0-123-gd5b16e6ec5 (webtiles) character file.

Game seed: 13981187768782599023, levelgen mode: deterministic

9073 Curus the Cruncher (level 11, -1/68 HPs)
             Began as a Gargoyle Gladiator on Jan 8, 2020.
             Was an Elder of Trog.
             Shot with an arrow by a centaur warrior (8 damage)
             ... on level 9 of the Dungeon.
             The game lasted 00:34:14 (7447 turns).

Curus the Cruncher (Gargoyle Gladiator)             Turns: 7447, Time: 00:34:15

Health: -1/68      AC: 28    Str: 18    XL:     11   Next: 40%
Magic:  11/11      EV:  7    Int: 12    God:    Trog [****..]
Gold:   676        SH:  0    Dex: 14    Spells: 10/10 levels left

rFire    . . .     SeeInvis .   v - +4 quarterstaff (chaos)
rCold    . . .     Gourm    .   (shield currently unavailable)
rNeg     + . .     Faith    .   z - +0 plate armour
rPois    ∞         Spirit   .   p - +2 helmet {Int+3}
rElec    +         Reflect  .   B - +2 cloak
rCorr    .         Harm     .   (no gloves)
MR       .....                  (no boots)
Stlth    ..........             (no amulet)
HPRegen  0.21/turn              (no ring)
MPRegen  0.12/turn              (no ring)

@: studying Short Blades
A: negative energy resistance 1, electricity resistance, unbreathing,
petrification resistance, rot immunity, AC +8
a: Berserk, Trog's Hand, Brothers in Arms, Renounce Religion


You were on level 9 of the Dungeon.
You worshipped Trog.
Trog was greatly pleased with you.
You were not hungry.

You visited 1 branch of the dungeon, and saw 9 of its levels.

You collected 676 gold pieces.

Inventory:

Hand Weapons
 a - a +1 quarterstaff
 v - a +4 quarterstaff of chaos (weapon)
Missiles
 d - 3 throwing nets (quivered)
Armour
 b - a +0 leather armour
 c - a +1 helmet
 e - a +2 cloak
 h - a +0 scale mail
 n - a +0 chain mail
 o - a +4 chain mail
 p - a +2 helmet of intelligence (worn)
 x - a +2 helmet
 z - a +0 plate armour (worn)
 B - a +2 cloak (worn)
Wands
 m - a wand of flame (16)
 s - a wand of paralysis (6)
 t - a wand of scattershot (4)
 u - a wand of iceblast (8)
 y - a wand of random effects (21)
Scrolls
 i - 3 scrolls of remove curse
 j - 8 scrolls of identify
 l - 4 scrolls of teleportation
 C - a scroll of enchant weapon
Potions
 g - 2 potions of might
 k - 2 potions of resistance
 q - 6 potions of curing
 w - a potion of agility
 A - a potion of heal wounds
Books
 r - a manual of Short Blades
Comestibles
 f - 21 rations
 D - 2 chunks of flesh


   Skills:
 + Level 7.8 Fighting
 - Level 14.2 Staves
 - Level 1.7 Throwing
 + Level 7.4 Armour
 - Level 2.4 Dodging


You had 10 spell levels left.
You didn't know any spells.
Your spell library was empty.

Dungeon Overview and Level Annotations

Branches:
Dungeon (9/15)             Temple (0/1) D:6             Orc (0/2) D:9
   Lair: D:8-11

Altars:
Ashenzari
Cheibriados
Dithmenos
Gozag
Qazlal
Trog
Uskayaw
Xom

Shops:
D:4 (


Innate Abilities, Weirdness & Mutations

You are resistant to torment.
Your stone body is resilient. (AC +8)
You are immune to poison.
You resist negative energy. (rN+)
You are resistant to electric shocks. (rElec)
You can survive without breathing.
You are immune to petrification.
You are immune to rotting.


Message History

Deactivating autopickup; reactivate with Ctrl-A.
You sock the centaur warrior!
The centaur warrior seems to slow down.
The centaur warrior is moderately wounded.
The centaur skeleton hits you but does no damage.
You hit the centaur warrior.
The centaur warrior looks as sick as possible!
The centaur warrior is heavily wounded.
The wizard casts a spell at you. The crystal spear hits you!!
* * * LOW HITPOINT WARNING * * *
The centaur warrior hits you but does no damage.
The centaur skeleton hits you but does no damage.
You hear a croak.
The wizard points at you and mumbles some strange words.
The bolt of cold hits you.
* * * LOW HITPOINT WARNING * * *
The orc wizard begins to cast a cantrip, but forgets the words!
The centaur warrior wields a +0 shortbow.
The centaur warrior shoots an arrow.
The arrow hits you!
You die...

#...## #..##..#........ # '....#
#..#...#........ # #....#
#..#...#........ # #....#
#..#..('........ # +...## ####
o.##..######### # #...#
.....#oo#........... #...#
....{cpZ#........... #..##
#####Sc.##.......... #..#
####...####@#..........
'..###.........##....†......
#.........#.................
#.........#........##############
..........#................#.....
..........####'#####.......#.....
..........#.......##.......#.....
..........#.....)).........##...#
.##########.......[....:...######


You could see a centaur warrior, a wizard, an orc warrior, a centaur, an orc
wizard, an adder, an orc and a centaur skeleton.

Vanquished Creatures
  3 two-headed ogres
  Pikel (D:4)
  Joseph (D:8)
  Psyche (D:8)
  A gargoyle (D:8)
  2 trolls (D:9)
  Prince Ribbit (D:5)
  2 hippogriffs
  A shadow (D:7)
  Eustachio (D:4)
  A water moccasin (D:8)
  A swamp drake (D:9)
  4 black bears
  2 sky beasts
  An eye of draining (D:8)
  4 ogres
  3 phantoms
  3 orc warriors
  A centaur (D:6)
  A big kobold (D:9)
  3 bullfrogs
  2 gnoll sergeants
  2 scorpions
  6 killer bees (D:9)
  3 wights (D:7)
  A bullfrog zombie (D:5)
  3 crimson imps
  2 centaur zombies (D:9)
  5 hounds
  3 quasits (D:8)
  Crazy Yiuf (D:5)
  10 orc priests
  An iron imp (D:6)
  A bullfrog skeleton (D:9)
  4 iguanas
  9 orc wizards
  8 worker ants
  A killer bee zombie (D:6)
  2 hound skeletons
  A worker ant zombie (D:7)
  11 adders
  8 gnolls
  A shadow imp (D:6)
  2 oozes
  4 adder skeletons
  An adder zombie (D:8)
  5 worms
  2 dart slugs
  4 leopard geckos
  52 orcs
  4 giant cockroaches
  7 goblins
  8 hobgoblins
  20 jackals
  6 kobolds
  2 quokkas
  A ball python (D:1)
  6 bats
  3 frilled lizards
  A jackal skeleton (D:6)
  A jackal zombie (D:5)
  A quokka skeleton (D:8)
  5 rats
258 creatures vanquished.

Vanquished Creatures (others)
  A worker ant (D:9)
  A jackal (D:4)
  A quokka (D:4)
3 creatures vanquished.

Grand Total: 261 creatures vanquished

Notes
Turn   | Place    | Note
-------+----------+-------------------------------------------
     0 | D:1      | Curus the Gargoyle Gladiator began the quest for the Orb.
     0 | D:1      | Reached XP level 1. HP: 12/12 MP: 1/1
   145 | D:1      | Reached XP level 2. HP: 17/17 MP: 2/2
   536 | D:2      | Reached skill level 4 in Staves
   536 | D:2      | Reached XP level 3. HP: 21/21 MP: 3/3
   904 | D:2      | Reached XP level 4. HP: 26/26 MP: 4/4
   955 | D:2      | Reached skill level 5 in Staves
  1068 | D:2      | Found a bloodstained altar of Trog.
  1077 | D:2      | Became a worshipper of Trog the Wrathful
  1301 | D:3      | Reached XP level 5. HP: 30/30 MP: 5/5
  1599 | D:3      | Found a shattered altar of Ashenzari.
  1637 | D:3      | Reached skill level 6 in Staves
  1845 | D:3      | Reached * piety under Trog
  1845 | D:3      | Reached XP level 6. HP: 31/35 MP: 6/6
  1952 | D:3      | Found an opulent altar of Gozag.
  2125 | D:3      | Reached skill level 7 in Staves
  2263 | D:4      | Noticed a phantom
  2337 | D:4      | Reached XP level 7. HP: 15/40 MP: 7/7
  2341 | D:4      | Reached skill level 8 in Staves
  2688 | D:4      | Reached ** piety under Trog
  2903 | D:4      | Found Ostru's Antique Weapon Emporium.
  2990 | D:4      | Reached skill level 9 in Staves
  3038 | D:4      | Noticed Eustachio
  3064 | D:4      | Killed Eustachio
  3064 | D:4      | Reached XP level 8. HP: 42/44 MP: 8/8
  3171 | D:4      | Noticed Pikel
  3204 | D:4      | Killed Pikel
  3204 | D:4      | Reached skill level 10 in Staves
  3491 | D:4      | Found a stormy altar of Qazlal.
  3625 | D:5      | Entered Level 5 of the Dungeon
  3683 | D:5      | Reached skill level 11 in Staves
  3747 | D:5      | Reached XP level 9. HP: 30/48 MP: 9/9
  4017 | D:5      | Found a runed translucent door.
  4018 | D:5      | Noticed Crazy Yiuf
  4081 | D:5      | Noticed Prince Ribbit
  4128 | D:5      | Killed Prince Ribbit
  4470 | D:5      | Paralysed by Crazy Yiuf for 5 turns
  4482 | D:5      | Killed Crazy Yiuf
  4482 | D:5      | Reached skill level 12 in Staves
  4560 | D:6      | Found a shimmering altar of Xom.
  4661 | D:6      | Found a staircase to the Ecumenical Temple.
  4748 | D:6      | Reached *** piety under Trog
  5060 | D:6      | Found a shattered altar of Ashenzari.
  5060 | D:6      | Found a hide-covered altar of Uskayaw.
  5225 | D:6      | Found a snail-covered altar of Cheibriados.
  5444 | D:7      | Found a shadowy altar of Dithmenos.
  5535 | D:7      | Reached skill level 13 in Staves
  5810 | D:7      | Reached XP level 10. HP: 53/53 MP: 10/10
  6080 | D:8      | Noticed a two-headed ogre
  6094 | D:8      | Killed a two-headed ogre
  6094 | D:8      | Reached skill level 14 in Staves
  6106 | D:8      | Noticed a gargoyle
  6121 | D:8      | Killed a gargoyle
  6121 | D:8      | Reached skill level 1 in Armour
  6163 | D:8      | Noticed a two-headed ogre
  6175 | D:8      | Killed a two-headed ogre
  6434 | D:8      | Noticed Psyche
  6456 | D:8      | Killed Psyche
  6456 | D:8      | Reached skill level 5 in Fighting
  6591 | D:8      | Reached skill level 5 in Armour
  6603 | D:8      | Reached **** piety under Trog
  6685 | D:8      | Noticed Joseph
  6693 | D:8      | Killed Joseph
  6693 | D:8      | Reached XP level 11. HP: 62/64 MP: 11/11
  7056 | D:9      | Noticed a two-headed ogre
  7077 | D:9      | Killed a two-headed ogre
  7121 | D:9      | Found a staircase to the Orcish Mines.
  7231 | D:9      | Received a gift from Trog
  7427 | D:9      | Noticed a centaur warrior
  7433 | D:9      | Noticed a wizard
  7447 | D:9      | Shot with an arrow by a centaur warrior

Levels and vault maps discovered:
D:1:      ncdulo_wetmaze, layout_rooms, minmay_crystal_room
D:2:      layout_loops_ring, trog_book
D:3:      minmay_angry_zag, layout_rooms, marbit_many_paths,
          cheibrodos_ashenzari_chains
D:4:      layout_layer_cave, kennysheep_mini_moat, serial_shops,
          nicolae_shop_crystal, first_ration, uniq_eustachio, uniq_pikel
D:5:      layout_cave_pools, minmay_manual_moon, uniq_crazy_yiuf_cottage,
          uniq_prince_ribbit1
D:6:      layout_cave_pools, xom_teletrap_fun,
          gammafunk_temple_overflow_elements, minmay_temple_entry_grid,
          kennysheep_diamond, grunt_ministairs_1,
          chequers_serial_rivers_large_b, chei_slow_surprise
D:7:      layout_gridville, nicolae_dithmenos_the_darkroom
D:8:      layout_gridville, uniq_joseph, uniq_psyche
D:9:      layout_gridville, erik_orc_1, hangedman_fish_farm,
          minmay_pinched_square

Skill      XL: |  1  2  3  4  5  6  7  8  9 10 11 |
---------------+----------------------------------+-----
Staves         | 4 5 6 7 9 11 13 14 | 14.2
Fighting       | 6 7 |  7.8
Armour         | 5 7 |  7.4
Throwing       | |  1.7
Dodging        | |  2.4

Action                   |  1- 3 |  4- 6 |  7- 9 | 10-12 || total
-------------------------+-------+-------+-------+-------++-------
Melee: Quarterstaff      |    85 |   280 |   406 |   310 ||  1081
Invok: Berserk           |       |     2 |     2 |     3 ||     7
       Trog's Hand       |       |       |     1 |       ||     1
Evoke: Wand              |       |       |       |     4 ||     4
  Use: Potion            |     4 |     2 |     3 |       ||     9
       Scroll            |     5 |     3 |     6 |     1 ||    15
 Stab: Invisible         |       |       |     2 |     2 ||     4
       Paralysed         |       |       |       |     3 ||     3
       Confused          |       |       |       |     1 ||     1
  Eat: Chunk             |       |     5 |    12 |     9 ||    26
       Ration            |       |       |     1 |       ||     1
Armor: Leather armour    |    12 |       |       |       ||    12
       Scale mail        |    22 |   105 |       |       ||   127
       Chain mail        |       |   159 |   321 |       ||   480
       Skin              |       |     4 |       |       ||     4
       Plate armour      |       |       |     9 |   231 ||   240
Dodge: Dodged            |    35 |   209 |   164 |    96 ||   504
